 Dungeon Sprint DCSS version 0.27.1 (webtiles) character file.

Game seed: 4668028303245498602

11589 shadowrider38 the Brawler (level 11, -7/135 HPs)
             Began as a Troll Berserker on Aug 24, 2021.
             Was the Champion of Trog.
             Killed by divine providence
             ... invoked by a meliai
              (10 damage)
             ... in the Dungeon (Sprint I: "Red Sonja").
             The game lasted 00:12:20 (2380 turns).

shadowrider38 the Brawler (Troll Berserker)         Turns: 2380, Time: 00:12:20

Health: -7/135     AC:  5    Str: 25    XL:     11   Next: 51%
Magic:  0/10       EV:  9    Int:  4    God:    Trog [******]
Gold:   1088       SH:  0    Dex: 11    Spells: 10/10 levels left

rFire    . . .     SeeInvis .     - Unarmed
rCold    . . .     Faith    .   u - +0 kite shield
rNeg     . . .     Spirit   +   c - +0 robe
rPois    .         Reflect  .   v - +2 hat
rElec    .         Harm     +   w - scarf {harm}
rCorr    .         Rampage  .   (gloves unavailable)
Will     .....     NoTele   +   (boots unavailable)
Stlth    ++........             j - amulet of guardian spirit
HPRegen  1.32/turn              (no ring)
MPRegen  0.12/turn              (no ring)

@: confused, unable to read, on berserk cooldown, hasted and slowed
A: large, unfitting armour, claws 3, regeneration 1, shaggy fur 1, tough skin 1,
thin skeletal structure 1, deformed body, deterioration 1, screaming 2, weak 2,
inability to read while threatened
a: Renounce Religion, Berserk, Trog's Hand, Brothers in Arms


You were in the Dungeon.
You worshipped Trog.
Trog was exalted by your worship.
You visited 1 branch You collected 1743 gold pieces.
You spent 655 gold pieces at shops.

Inventory:

Hand Weapons
 t - the +0 dire flail of Might {vorpal, *Noise +Rage rN+ Str+3}
   (Trog gifted it to you in the Dungeon)

   It inflicts extra damage upon your enemies.
   Str:       It affects your strength (+3).
   rN:        It protects you from negative energy.
   +Rage:     It lets you go berserk.
   *Noise:    It may make noises in combat.
Missiles
 k - 59 stones (quivered)
Armour
 c - a +0 robe (worn)
 u - a +0 kite shield (worn)
 v - a +2 hat (worn)
 w - a scarf of harm (worn)
Jewellery
 j - an amulet of guardian spirit (around neck)
Wands
 h - a wand of flame (23)
 p - a wand of iceblast (9)
Scrolls
 a - a scroll of torment {unknown}
 g - a scroll of blinking
 l - a scroll of immolation {unknown}
 m - 2 scrolls of identify {unknown}
 n - a scroll of vulnerability {unknown}
 q - a scroll of summoning {unknown}
 r - a scroll of fear {unknown}
Potions
 b - a potion of curing
 e - 2 potions of magic
 i - a potion of attraction {unknown}
 o - a potion of might {unknown}
Miscellaneous
 s - a box of beasts


   Skills:
 - Level 15.7 Fighting
 - Level 2.4 Dodging
 + Level 5.2 Shields
 - Level 19.5 Unarmed Combat


You had 10 spell levels left.
You didn't know any spells.
Your spell library was empty.

Dungeon Overview and Level Annotations

Branches:
Dungeon (1/1)

Altars:
Cheibriados
Dithmenos
Elyvilon
Fedhas
Gozag
Hepliaklqana
Kikubaaqudgha
Makhleb
Nemelex Xobeh
Okawaru
Qazlal
Ru
Sif Muna
Trog
Uskayaw
Vehumet
Wu Jian
Xom
Yredelemnul
Zin
The Shining One
Jiyva
Lugonu

Shops:
D ::=*=:[(:*[:**??**:[:


Innate Abilities, Weirdness & Mutations

You are too large for most types of armour.
You have claws for hands.
Your natural rate of healing is unusually fast.
You are covered in fur. (AC +1)
You have tough skin. (AC +1)
You have a somewhat thin skeletal structure. (Dex +2, Stealth+)
Armour fits poorly on your strangely shaped body.
Your body sometimes deteriorates upon taking damage.
You frequently scream uncontrollably at your foes.
You are very weak. (Str -4)
You sometimes lose the ability to read scrolls when taking damage.


Message History

You avoid triggering an arrow trap.
You are engulfed in noxious fumes.
You feel less confused.
There is an arrow trap here.
You feel your anger nearly subside. Something hits you!
* * * LOW HITPOINT WARNING * * *
You mangle something!! You eviscerate something!!! Trog accepts your kill.
Reactivating autopickup.
You feel a bit more experienced.
You feel your intelligence returning.
You feel your dexterity returning.
Your Shields skill gained 3 levels and is now at level 5!
There is an open door, spattered with blood here.
You feel a strong urge to attack something.
You are engulfed in noxious fumes.
You choke on the stench!
You are confused.
* * * LOW HITPOINT WARNING * * *
You are no longer berserk.
You are exhausted.
You feel yourself slow down.
You are engulfed in noxious fumes.
You choke on the stench!
You are more confused.
* * * LOW HITPOINT WARNING * * *
You feel better.
You are engulfed in noxious fumes.
You choke on the stench!
You are confused.
* * * LOW HITPOINT WARNING * * *
You feel less confused.
Press: ? - help, v - describe, . - travel An arrow trap.
Unknown command.
The meliai calls down the wrath of its god upon you.
Something smites you!
* * * LOW HITPOINT WARNING * * *
There is an open door, spattered with blood here.
You are engulfed in noxious fumes.
You choke on the stench!
You are confused.
The meliai mumbles some strange prayers to its god against you.
Something smites you!
You die...

###################
..#__#..'...#.[#§§
..'..)..#...##'#§#
#'#__####..)'..#§# ##
#§####.[#####.)§§#+#$###
#[#§≈≈§§#..##○####^.$#y#
_.§≈≈§)§§§.#.☼.^.#..$###
._#§§≈§§#§§#.○^^^○..$$$#
#'##§#####§###..@#^....#
#)#§...###.'.#^○°###++##
####[###)###.#○°##
.'.....'.∩##.#○○#
.###########.##+#
###......§##§#
#.#......§§§.#
..#''.######.#
..#........#§#


You could see a meliai.

Vanquished Creatures
  A lorocyproca (D)
  2 centaur warriors (D)
  Sonja (D)
  A deep troll (D)
  8 shining eyes (D)
  An oklob plant (D)
  A gargoyle (D)
  2 unseen horrors (D)
  4 demonic crawlers (D)
  2 kobold demonologists (D)
  A hornet (D)
  A slime creature (D)
  2 redbacks (D)
  Sigmund (D)
  A yak (D)
  6 floating eyes (D)
  7 necrophages (D)
  An ogre (D)
  8 jellies (D)
  Ijyb (D)
  A ballistomycete spore (D)
53 creatures vanquished.

Vanquished Creatures (others)
  A ballistomycete spore (D)
1 creature vanquished.

Grand Total: 54 creatures vanquished

Notes
Turn   | Place    | Note
-------+----------+-------------------------------------------
     0 | D        | shadowrider38 the Troll Berserker began the quest for the
                  | Orb.
     0 | D        | Reached XP level 1. HP: 22/22 MP: 0/0
     2 | D        | Noticed Ijyb
    10 | D        | Killed Ijyb
    11 | D        | Reached skill level 5 in Fighting
    11 | D        | Reached XP level 2. HP: 35/35 MP: 1/1
    45 | D        | Noticed an ogre
    48 | D        | Killed an ogre
    49 | D        | Reached skill level 7 in Unarmed Combat
    49 | D        | Reached XP level 3. HP: 42/42 MP: 2/2
    49 | D        | Reached XP level 4. HP: 50/50 MP: 3/3
    91 | D        | Noticed Sigmund
   113 | D        | Killed Sigmund
   113 | D        | Reached ** piety under Trog
   114 | D        | Reached skill level 11 in Unarmed Combat
   114 | D        | Reached XP level 5. HP: 11/57 MP: 4/4
   114 | D        | Reached XP level 6. HP: 13/66 MP: 5/5
   181 | D        | Found a shimmering blue altar of Sif Muna.
   182 | D        | Found an ornate altar of the Wu Jian Council.
   183 | D        | Found a radiant altar of Vehumet.
   253 | D        | Found a viscous altar of Jiyva.
   253 | D        | Found a corrupted altar of Lugonu.
   253 | D        | Noticed a slime creature
   254 | D        | Found a burning altar of Makhleb.
   254 | D        | Found a shimmering altar of Xom.
   260 | D        | Killed a slime creature
   329 | D        | Noticed a kobold demonologist
   329 | D        | Noticed a floating eye
   330 | D        | Noticed a kobold demonologist
   340 | D        | Killed a kobold demonologist
   340 | D        | Reached *** piety under Trog
   341 | D        | Reached skill level 10 in Fighting
   341 | D        | Reached XP level 7. HP: 87/87 MP: 6/6
   342 | D        | Reached skill level 12 in Unarmed Combat
   345 | D        | Killed a kobold demonologist
   345 | D        | Reached **** piety under Trog
   346 | D        | Reached skill level 13 in Unarmed Combat
   346 | D        | Reached XP level 8. HP: 94/94 MP: 7/7
   499 | D        | Found Gafot's Assorted Antiques.
   499 | D        | Found an ancient bone altar of Kikubaaqudgha.
   499 | D        | Found a hazy altar of Hepliaklqana.
   499 | D        | Found a stormy altar of Qazlal.
   499 | D        | Found a hide-covered altar of Uskayaw.
   499 | D        | Found a blossoming altar of Fedhas.
   499 | D        | Found a bloodstained altar of Trog.
   499 | D        | Found an iron altar of Okawaru.
   499 | D        | Found a basalt altar of Yredelemnul.
   499 | D        | Found a glowing golden altar of the Shining One.
   499 | D        | Found a snail-covered altar of Cheibriados.
   499 | D        | Found a sacrificial altar of Ru.
   499 | D        | Found a glowing silver altar of Zin.
   499 | D        | Found a shadowy altar of Dithmenos.
   499 | D        | Found a white marble altar of Elyvilon.
   504 | D        | Found an opulent altar of Gozag.
   505 | D        | Found a sparkling altar of Nemelex Xobeh.
   646 | D        | Bought a blackened beryl amulet for 135 gold pieces
   659 | D        | Noticed Sonja
   662 | D        | Killed Sonja
   663 | D        | Reached skill level 15 in Unarmed Combat
   737 | D        | Noticed a centaur warrior
   737 | D        | Noticed a centaur warrior
   847 | D        | Killed a centaur warrior
   848 | D        | Reached skill level 16 in Unarmed Combat
   848 | D        | Reached XP level 9. HP: 102/102 MP: 5/8
   849 | D        | Killed a centaur warrior
   849 | D        | Reached ***** piety under Trog
   850 | D        | Reached skill level 17 in Unarmed Combat
   921 | D        | Reached skill level 18 in Unarmed Combat
  1074 | D        | Noticed a deep troll
  1076 | D        | Killed a deep troll
  1145 | D        | Found Raiciujo's Book Boutique.
  1204 | D        | Found Dobiha Ingai's Armour Emporium.
  1232 | D        | Noticed an oklob plant
  1237 | D        | Killed an oklob plant
  1238 | D        | Reached XP level 10. HP: 113/113 MP: 9/9
  1566 | D        | Received a gift from Trog
  1615 | D        | Received a gift from Trog
  1652 | D        | Reached ****** piety under Trog
  1696 | D        | Found Itutt's Weapon Shoppe.
  1696 | D        | Found Sist's Antique Armour Shop.
  1696 | D        | Found Lygapnif's Book Boutique.
  1698 | D        | Found Bozyaful's General Store.
  1698 | D        | Found Ryca's Antique Armour Shop.
  1698 | D        | Found Etaast's Book Shoppe.
  1698 | D        | Found Pyviqe's Assorted Antiques.
  1698 | D        | Found Nuof Fid's General Store.
  1698 | D        | Found Ofaxoec's Magic Scroll Shop.
  1698 | D        | Found Ogasm's Magic Scroll Shoppe.
  1702 | D        | Found Vogudw Orial's General Store.
  1703 | D        | Found Qupteajeos's Book Emporium.
  1703 | D        | Found Loffesea's General Store.
  1704 | D        | Found Reimiyxu's Book Emporium.
  1813 | D        | Noticed a shining eye
  1813 | D        | Noticed a shining eye
  1813 | D        | Noticed a shining eye
  1814 | D        | Gained mutation: You sometimes lose the ability to read
                  | scrolls when taking damage. [a shining eye]
  1816 | D        | Paralysed by a floating eye for 3 turns
  1823 | D        | Identified the +0 dire flail of Might {vorpal, *Noise +Rage
                  | rN+ Str+3} (Trog gifted it to you in the Dungeon)
  1823 | D        | Received a gift from Trog
  1831 | D        | Killed a shining eye
  1834 | D        | Killed a shining eye
  1837 | D        | Gained mutation: Armour fits poorly on your strangely
                  | shaped body. [a shining eye]
  1838 | D        | Killed a shining eye
  1891 | D        | Noticed a shining eye
  1891 | D        | Noticed a shining eye
  1891 | D        | Noticed a shining eye
  1898 | D        | Gained mutation: You are weak. (Str -2) [a shining eye]
  1901 | D        | Killed a shining eye
  1901 | D        | Gained mutation: You are clumsy. (Dex -2) [a shining eye]
  1901 | D        | Gained mutation: You occasionally shout uncontrollably at
                  | your foes. [a shining eye]
  1902 | D        | Reached XP level 11. HP: 131/131 MP: 10/10
  1903 | D        | Gained mutation: Your body sometimes deteriorates upon
                  | taking damage. [a shining eye]
  1906 | D        | Killed a shining eye
  1906 | D        | Gained mutation: You frequently scream uncontrollably at
                  | your foes. [a shining eye]
  1907 | D        | Reached skill level 15 in Fighting
  1908 | D        | Gained mutation: You have a somewhat thin skeletal
                  | structure. (Dex +2, Stealth+) [a shining eye]
  1909 | D        | Killed a shining eye
  1909 | D        | Received a gift from Trog
  1910 | D        | Noticed a shining eye
  1910 | D        | Noticed a shining eye
  1910 | D        | Lost mutation: You are clumsy. (Dex -2) [a shining eye]
  1919 | D        | Paralysed by a floating eye for 4 turns
  1967 | D        | Killed a shining eye
  2012 | D        | Gained mutation: You are very weak. (Str -4) [a shining
                  | eye]
  2014 | D        | Killed a shining eye
  2059 | D        | Found Yxziso's Book Shoppe.
  2059 | D        | Found Vukhuu's Jewellery Emporium.
  2060 | D        | Found Pyuqy's Jewellery Shop.
  2060 | D        | Found Diaf's Book Boutique.
  2115 | D        | Reached skill level 19 in Unarmed Combat
  2124 | D        | Received a gift from Trog
  2221 | D        | Bought a kite shield for 130 gold pieces
  2229 | D        | Bought a runed hat for 182 gold pieces
  2229 | D        | Bought a glowing scarf for 208 gold pieces
  2366 | D        | HP: 10/202 [something (31)]
  2369 | D        | HP: 1/202 [something (12)]
  2371 | D        | Killed a lorocyproca
  2372 | D        | Reached skill level 5 in Shields
  2374 | D        | HP: 2/135 [something (1)]
  2379 | D        | HP: 2/135 [meliai/divine providence (17)]
  2380 | D        | Killed from afar by a meliai

Illustrated notes

Levels and vault maps discovered:
D:        dungeon_sprint_1 [red_sonja_temple_1, red_sonja_temple_small_1]

Skill      XL: |  1  2  3  4  5  6  7  8  9 10 11 |
---------------+----------------------------------+-----
Fighting       | 5 10 11 14 15 | 15.7
Unarmed Combat | 7 11 13 16 18 19 | 19.5
Shields        | 5 |  5.2
Dodging        | |  2.4

Action                   |  1- 3 |  4- 6 |  7- 9 | 10-12 || total
-------------------------+-------+-------+-------+-------++-------
Melee: Unarmed           |     7 |    19 |    22 |    88 ||   136
       Punch             |       |       |     1 |    15 ||    16
Invok: Berserk           |     2 |     4 |     6 |     7 ||    19
  Use: Potion            |       |     1 |       |     4 ||     5
Armor: Animal skin       |     1 |     2 |       |       ||     3
       Robe              |       |     2 |     4 |    10 ||    16
Dodge: Dodged            |     1 |     3 |     8 |    22 ||    34
